 Dungeon Crawl Stone Soup version 0.19.1 (webtiles) character file.

68871 Nydiazath the Imperceptible (level 14, -4/77 HPs)
             Began as a Spriggan Enchanter on Dec 15, 2016.
             Was the Champion of Okawaru.
             Killed from afar by Frances (23 damage)
             ... with a shard of ice
             ... on level 13 of the Dungeon.
             The game lasted 01:22:48 (23194 turns).

Nydiazath the Imperceptible (Spriggan Enchanter)   Turns: 23194, Time: 01:22:48

Health: -4/77      AC:  4    Str:  4    XL:     14   Next: 88%
Magic:  26/37      EV: 31    Int: 24    God:    Okawaru [******]
Gold:   1189       SH: 10    Dex: 18    Spells: 4 memorised, 24 levels left

rFire  + . .     SeeInvis +     Z - +6 quick blade of Conformity {drain, +Inv rN+}
rCold  + . .     Gourm    .     j - +1 robe {Archmagi}
rNeg   + + .     Faith    .     U - +2 buckler
rPois  .         Spirit   .     B - +0 hat
rElec  .         Reflect  .     a - +0 cloak "Vuoczi" {rN+ MP+9}
rCorr  .         Harm     .     (gloves unavailable)
MR     ++...                    (boots unavailable)
Stlth  ++++++++..               y - amulet of magic regeneration
                                J - +3 ring of evasion
                                g - +4 ring of intelligence

@: lethally poisoned (-4 -> -6), very slightly contaminated, very quick
A: unfitting armour, horns 1, see invisible, cold resistance 1, fire resistance
1, herbivore 3, speed 3, sense surroundings 1, robust 1, slow regeneration 1,
slow metabolism 2
a: Heroism, Finesse, Renounce Religion, Evoke Invisibility


You were on level 13 of the Dungeon.
You worshipped Okawaru.
Okawaru was exalted by your worship.
You were full.

You visited 2 branches of the dungeon, and saw 16 of its levels.
You also visited: Bailey.

You collected 1189 gold pieces.

Inventory:

Hand Weapons
 O - a +3 dagger of venom
 Z - the +6 quick blade of Conformity (weapon) {drain, +Inv rN+}
   (Okawaru gifted it to you on level 13 of the Dungeon)

   A truly terrible weapon, it drains the life of those it strikes.
   It protects you from negative energy.
   It lets you turn invisible.
Armour
 a - the +0 cloak "Vuoczi" (worn) {rN+ MP+9}
   (Okawaru gifted it to you on level 13 of the Dungeon)

   It protects you from negative energy.
   It affects your magic capacity (+9).
 j - a +1 robe of the Archmagi (worn)
 B - a +0 hat (worn)
 R - a +2 robe of cold resistance
 U - a +2 buckler (worn)
Jewellery
 g - a +4 ring of intelligence (left hand)
 p - the amulet "Xipnib" {Inacc rPois Stlth+}
   (You found it on level 9 of the Dungeon)

   [amulet of inaccuracy]

   It reduces the accuracy of all your attacks.
   It protects you from poison.
   It makes you more stealthy.
 x - a +6 ring of dexterity
 y - an amulet of magic regeneration (around neck)
 A - an uncursed ring of fire
 J - a +3 ring of evasion (right hand)
Wands
 k - a wand of digging (15/24)
 q - a wand of slowing (18/48)
 s - a wand of flame (14/48)
 t - a wand of random effects (44/48)
 E - a wand of slowing (29/48)
 K - a wand of polymorph (15/24)
 N - a wand of slowing (23/48)
 V - a wand of lightning (13/15)
 X - a wand of paralysis (6/24)
Scrolls
 b - 3 scrolls of teleportation
 m - 4 scrolls of enchant weapon
 n - 6 scrolls of identify
 r - a scroll of summoning
 v - a scroll of recharging
 C - 2 scrolls of amnesia
 F - 3 scrolls of remove curse
 G - a scroll of blinking
 M - 4 scrolls of magic mapping
 P - 2 scrolls of fog {unknown}
 T - a scroll of silence
 Y - a scroll of acquirement {unknown}
Potions
 e - 3 potions of haste
 h - 3 potions of curing
 i - 6 potions of flight
 l - 2 potions of mutation
 o - 2 potions of magic
 w - 2 potions of might
 I - a potion of agility
 L - 3 potions of cure mutation
 Q - a potion of heal wounds
 W - 2 potions of invisibility
Books
 c - a book of Maledictions

   Spells                             Type                      Level
   a - Corona                         Hexes                        1
   b - Ensorcelled Hibernation        Hexes/Ice                    2
   c - Confuse                        Hexes                        3
   d - Tukima's Dance                 Hexes                        3
   e - Dazzling Spray                 Conjuration/Hexes            3
 u - a book of Cantrips

   Spells                             Type                      Level
   a - Confusing Touch                Hexes                        1
   b - Animate Skeleton               Necromancy                   1
   c - Summon Small Mammal            Summoning                    1
   d - Apportation                    Translocation                1
 z - a book of Geomancy

   Spells                             Type                      Level
   a - Sandblast                      Earth                        1
   b - Passwall                       Transmutation/Earth          2
   c - Stone Arrow                    Conjuration/Earth            3
   d - Petrify                        Transmutation/Earth          4
   e - Lee's Rapid Deconstruction     Earth                        5
 H - a book of Conjurations

   Spells                             Type                      Level
   a - Magic Dart                     Conjuration                  1
   b - Searing Ray                    Conjuration                  2
   c - Dazzling Spray                 Conjuration/Hexes            3
   d - Fulminant Prism                Conjuration/Hexes            4
   e - Iskenderun's Mystic Blast      Conjuration                  4
   f - Iskenderun's Battlesphere      Conjuration/Charms           5
 S - a book of Flames

   Spells                             Type                      Level
   a - Flame Tongue                   Conjuration/Fire             1
   b - Throw Flame                    Conjuration/Fire             2
   c - Conjure Flame                  Conjuration/Fire             3
   d - Inner Flame                    Hexes/Fire                   3
   e - Sticky Flame                   Conjuration/Fire             4
   f - Fireball                       Conjuration/Fire             5
Comestibles
 d - 13 bread rations
 f - a royal jelly


   Skills:
 - Level 6.5 Fighting
 - Level 10.4 Short Blades
 - Level 11.3 Dodging
 + Level 21.9 Stealth
 - Level 7.4 Shields
 + Level 9.6 Spellcasting
 + Level 10.0 Hexes
 - Level 10.0 Evocations


You had 24 spell levels left.
You knew the following spells:

 Your Spells              Type           Power        Failure   Level  Hunger
a - Corona                Hex            ######.      1%          1    None
b - Ensorcelled Hibernat  Hex/Ice        ######       1%          2    None
c - Confuse               Hex            ######..     1%          3    None
d - Throw Flame           Conj/Fire      ###...       12%         2    None


Dungeon Overview and Level Annotations

Branches:
Dungeon (15/15)            Temple (1/1) D:4            Lair (0/6) D:10
    Orc (0/2) D:11         Vaults (0/5) D:13         Depths (0/5) D:15

Altars:
Ashenzari
Cheibriados
Dithmenos
Elyvilon
Fedhas
Gozag
Hepliaklqana
Kikubaaqudgha
Makhleb
Nemelex Xobeh
Okawaru
Qazlal
Ru
Sif Muna
Trog
Uskayaw
Vehumet
Xom
Yredelemnul
Zin
The Shining One
Beogh

Shops:
D:5 [

Portals:
Trove: D:12 (give 2 scrolls of acquirement)

Annotations:
D:13 Frances


Innate Abilities, Weirdness & Mutations

You are very small and have problems with some larger weapons.
You are too small for most types of armour.
You have supernaturally acute eyesight. (SInv)
You are a herbivore.
You cover ground extremely quickly.
You need consume almost no food.
You have a pair of small horns on your head.
Your flesh is cold resistant. (rC+)
Your flesh is heat resistant. (rF+)
You passively map a small area around you.
You are robust. (+10% HP)
You regenerate slowly when monsters are visible.


Message History

Aiming: Confuse
Press: ? - help, Shift-Dir - straight line, f/p - Frances
Aim: Frances, wielding a war axe of venom and wearing a glowing ring mail (lightly wounded, lightly drained, chance to defeat MR: 17%)
You feel a surge of power!
Frances resists with almost no effort.
You feel sick. Frances completely misses you.
You see here a leather armour.
You feel sick.
Casting: Confuse
Confirm with . or Enter, or press ? or * to list all spells.
Aiming: Confuse
Press: ? - help, Shift-Dir - straight line, f/p - Frances
Aim: Frances, wielding a war axe of venom and wearing a glowing ring mail (lightly wounded, lightly drained, chance to defeat MR: 17%)
You feel a surge of power!
Frances resists with almost no effort.
Frances screams a word of power!
The shard of ice hits you! You partially resist.
* * * LOW HITPOINT WARNING * * *
You feel sick.
Frances mutters in a terrible tongue.
The shard of ice hits you! You partially resist.
You die...

#.# #..#.#.(#(.#.##.#.
##.#####..#.#.....#.#....
#.........#.##....#.##.#)
#).######.#..#####))#...)
#)...# #.##.......###.#.
##>#.# #.###############
#.#.## #.#.#.......#.#.#
#....###.#.#.#.###.##..(
#..#...@.#.#.#.)(()#.)##
##...###.#.#)#.#[#)##)#.
##.## #...#...#.#))).##
####...###.#[#.###.#(##...
#.........[#)......#.#....
#.##...###@#.#####.#.##...
#.###.## #.#....[....#.#.#
#)# #.# #.###############
#.# #.####........[.......


You could see Frances.

Vanquished Creatures
  Rupert (D:12)
  Agnes (D:15)
  A tengu reaver (D:13)
  2 fire giants (D:13)
  Louise (D:14)
  Azrael (D:14)
  A dire elephant (D:15)
  Snorg (D:14)
  2 yaktaur captains (D:13)
  Fannar (D:11)
  A hydra (D:15)
  8 vault guards
  An ogre mage (D:15)
  3 centaur warriors
  The ghost of Lovchig the Cleaver, a novice DDFi of the Shining One (D:10)
  2 tengu warriors
  8 skeletal warriors (D:13)
  4 unseen horrors
  A flayed ghost (D:13)
  A wizard (D:13)
  A wolf spider zombie (D:13)
  4 deep elf magi
  5 hill giants
  3 orc sorcerers (D:13)
  3 cyclopes
  8 ugly things
  2 manticores (D:13)
  A wolf spider (D:15)
  A naga mage (D:15)
  2 black mambas (D:11)
  4 gargoyles
  2 ice devils (D:11)
  A komodo dragon (D:13)
  A kobold demonologist (D:13)
  A demonic crawler (D:11)
  A queen bee (shapeshifter) (D:14)
  A tengu conjurer (D:15)
  5 trolls
  2 hornets
  3 meliai (D:13)
  2 two-headed ogres (shapeshifter)
  A two-headed ogre (D:12)
  A raiju (shapeshifter) (D:14)
  A wolf spider simulacrum (D:15)
  7 slime creatures (D:15)
  2 hippogriffs
  3 wyverns
  5 shadows
  A fire bat (D:11)
  A spriggan (D:9)
  2 wraiths
  A vampire (D:14)
  6 yaks (D:13)
  Eustachio (D:4)
  2 vampire mosquitoes (D:12)
  4 basilisks
  3 fire elementals (D:14)
  A hungry ghost (D:9)
  4 mottled dragons
  A steam dragon (D:11)
  2 soldier ants
  3 hell hounds (D:14)
  7 water moccasins
  8 orc warriors
  5 ice beasts
  4 sky beasts
  7 phantoms
  A necrophage (D:13)
  11 ogres
  2 eyes of draining
  27 centaurs
  3 crocodiles
  11 bullfrogs
  A wyvern zombie (D:11)
  A big kobold (D:14)
  Blork the orc (D:6)
  A gnoll sergeant (D:13)
  2 wyvern skeletons
  3 scorpions
  14 killer bees
  The ghost of TheOvate the Chopper, a weakling CeGl (D:4)
  5 wights
  3 vampire bats (D:11)
  A howler monkey (D:9)
  6 centaur zombies
  5 crimson imps
  A bullfrog zombie (D:6)
  2 jellies
  8 orc priests
  6 hounds
  5 centaur skeletons
  13 orc wizards
  A bullfrog skeleton (D:12)
  2 hell rats (D:11)
  4 iguanas
  14 worker ants
  8 gnolls
  14 adders
  4 river rats (D:11)
  3 shadow imps
  An adder skeleton (D:8)
  An adder zombie (D:8)
  2 worms
  4 dart slugs
  9 leopard geckos
  47 orcs
  16 bats
  12 giant cockroaches
  8 goblins
  7 hobgoblins
  6 jackals
  19 kobolds
  2 quokkas (D:4)
  6 ball pythons
  2 frilled lizards
  2 jackal skeletons
  2 quokka zombies
  12 rats
520 creatures vanquished.

Notes
Turn   | Place    | Note
-------+----------+-------------------------------------------
     0 | D:1      | Nydiazath the Spriggan Enchanter began the quest for the Orb.
     0 | D:1      | Reached XP level 1. HP: 9/9 MP: 5/5
   389 | D:1      | Reached XP level 2. HP: 10/13 MP: 6/6
   796 | D:1      | Learned a level 2 spell: Ensorcelled Hibernation
   825 | D:1      | Reached skill level 5 in Stealth
  1312 | D:1      | Reached XP level 3. HP: 16/16 MP: 8/8
  1914 | D:2      | Reached skill level 6 in Stealth
  1919 | D:2      | Learned a level 3 spell: Confuse
  2501 | D:2      | Reached XP level 4. HP: 20/21 MP: 9/9
  2692 | D:2      | Found a basalt altar of Yredelemnul.
  3157 | D:3      | Found a shimmering altar of Xom.
  3158 | D:3      | Found a shimmering altar of Xom.
  3158 | D:3      | Found a shimmering altar of Xom.
  3158 | D:3      | Found a shimmering altar of Xom.
  3158 | D:3      | Found a shimmering altar of Xom.
  3228 | D:3      | Found a shimmering altar of Xom.
  3228 | D:3      | Found a shimmering altar of Xom.
  3235 | D:3      | You fall through a shaft!
  3246 | D:4      | Reached skill level 7 in Stealth
  3246 | D:4      | Reached XP level 5. HP: 15/24 MP: 7/10
  3367 | D:5      | Entered Level 5 of the Dungeon
  3566 | D:5      | Reached skill level 8 in Stealth
  3566 | D:5      | Reached XP level 6. HP: 28/28 MP: 11/11
  3701 | D:5      | Found a white marble altar of Elyvilon.
  3701 | D:5      | Found a burning altar of Makhleb.
  3702 | D:5      | Found a sparkling altar of Nemelex Xobeh.
  3707 | D:5      | Found Anajuz's Antique Armour Emporium.
  3776 | D:4      | Noticed TheOvate's ghost (weakling CeGl)
  3787 | D:4      | Killed TheOvate's ghost
  3787 | D:4      | Reached skill level 5 in Short Blades
  3890 | D:4      | Gained mutation: You passively map a small area around you. [potion of mutation]
  3890 | D:4      | Gained mutation: Your flesh is cold resistant. (rC+) [potion of mutation]
  3890 | D:4      | Gained mutation: You regenerate slowly when monsters are visible. [potion of mutation]
  3891 | D:4      | Gained mutation: You are robust. (+10% HP) [potion of beneficial mutation]
  3905 | D:4      | Reached skill level 9 in Stealth
  3976 | D:4      | Gained mutation: Your flesh is heat resistant. (rF+) [potion of beneficial mutation]
  3977 | D:4      | Gained mutation: You have a pair of small horns on your head. [potion of beneficial mutation]
  4114 | D:4      | Reached XP level 7. HP: 35/35 MP: 8/12
  4141 | D:4      | Noticed Eustachio
  4507 | D:3      | Reached skill level 10 in Stealth
  4958 | D:4      | Found a staircase to the Ecumenical Temple.
  4962 | D:4      | Found a hide-covered altar of Uskayaw.
  4975 | Temple   | Entered the Ecumenical Temple
  5189 | Temple   | Became a worshipper of Warmaster Okawaru
  5479 | D:4      | Killed Eustachio
  5489 | D:4      | Reached XP level 8. HP: 39/39 MP: 11/13
  5810 | D:5      | Found a hazy altar of Hepliaklqana.
  5811 | D:5      | Found a shimmering altar of Xom.
  5811 | D:5      | Noticed an unseen horror
  5812 | D:5      | Noticed a spectral ugly thing
  5812 | D:5      | Noticed an unseen horror
  5921 | D:5      | Reached skill level 11 in Stealth
  6071 | D:5      | You fall through a shaft for 3 floors!
  6304 | D:8      | Reached skill level 5 in Dodging
  6333 | D:8      | Reached * piety under Okawaru
  6458 | D:8      | Found a flagged portal.
  6580 | Bailey   | Entered a bailey
  6631 | D:8      | Reached skill level 12 in Stealth
  7713 | D:6      | Reached XP level 9. HP: 42/42 MP: 14/14
  7829 | D:6      | Noticed Blork the orc
  7837 | D:6      | Killed Blork the orc
  7844 | D:6      | Reached ** piety under Okawaru
  8391 | D:6      | Reached skill level 13 in Stealth
  9503 | D:9      | Noticed a troll
  9517 | D:9      | Killed a troll
  9804 | D:9      | Noticed a troll
  9810 | D:9      | Reached *** piety under Okawaru
  9812 | D:9      | Found a blossoming altar of Fedhas.
  9816 | D:9      | Killed a troll
  9859 | D:9      | Got a pitted bronze amulet
  9867 | D:9      | Reached skill level 14 in Stealth
  9929 | D:9      | Reached XP level 10. HP: 24/48 MP: 8/15
 10115 | D:9      | Reached skill level 10 in Short Blades
 10143 | D:9      | Reached skill level 10 in Dodging
 10778 | D:9      | Reached **** piety under Okawaru
 11183 | D:10     | Entered Level 10 of the Dungeon
 11190 | D:10     | Noticed Lovchig's ghost (novice DDFi)
 11196 | D:10     | Killed Lovchig's ghost
 11196 | D:10     | Reached skill level 1 in Fighting
 11550 | D:10     | Reached ***** piety under Okawaru
 11949 | D:10     | Reached skill level 15 in Stealth
 11949 | D:10     | Reached skill level 5 in Hexes
 11972 | D:10     | Found a staircase to the Lair.
 12160 | D:11     | Noticed Fannar
 12165 | D:11     | Killed Fannar
 12279 | D:11     | Reached XP level 11. HP: 43/56 MP: 19/19
 12283 | D:11     | Noticed an unseen horror
 12287 | D:11     | Killed an unseen horror
 12287 | D:11     | Reached skill level 1 in Shields
 12565 | D:11     | Found a staircase to the Orcish Mines.
 12607 | D:11     | Received a gift from Okawaru
 12616 | D:11     | Found a roughly hewn altar of Beogh.
 12835 | D:11     | Reached skill level 16 in Stealth
 13470 | D:11     | Reached ****** piety under Okawaru
 13839 | D:11     | Received a gift from Okawaru
 13910 | D:11     | Noticed an unseen horror
 13922 | D:11     | Killed an unseen horror
 13978 | D:12     | Reached skill level 5 in Fighting
 14198 | D:12     | Reached skill level 17 in Stealth
 14384 | D:12     | Noticed a hill giant
 14391 | D:12     | Killed a hill giant
 14391 | D:12     | Reached XP level 12. HP: 66/66 MP: 20/20
 14532 | D:12     | Found a portal to a secret trove of treasure.
 14674 | D:12     | Identified the amulet "Xipnib" {Inacc rPois Stlth+} (You found it on level 9 of the Dungeon)
 14872 | D:12     | Noticed Rupert
 15043 | D:12     | Killed Rupert
 15376 | D:13     | Reached skill level 5 in Shields
 15604 | D:12     | Learned a level 2 spell: Throw Flame
 15678 | D:13     | Received a gift from Okawaru
 15678 | D:13     | Reached skill level 18 in Stealth
 15930 | D:13     | Noticed a vault guard
 15930 | D:13     | Noticed a vault guard
 15932 | D:13     | Found a gate to the Vaults.
 15932 | D:13     | Noticed a vault guard
 15934 | D:13     | Noticed a vault guard
 15935 | D:13     | Noticed a vault guard
 15935 | D:13     | Noticed a vault guard
 15937 | D:13     | Noticed a vault guard
 15948 | D:13     | Killed a vault guard
 16135 | D:12     | Killed a vault guard
 16140 | D:12     | Killed a vault guard
 16903 | D:12     | Killed a vault guard
 16903 | D:12     | Reached skill level 19 in Stealth
 16997 | D:12     | Killed a vault guard
 17014 | D:12     | Killed a vault guard
 17014 | D:12     | Received a gift from Okawaru
 17082 | D:12     | Killed a vault guard
 17293 | D:13     | Noticed a vault guard
 17301 | D:13     | Killed a vault guard
 17301 | D:13     | Reached XP level 13. HP: 54/71 MP: 15/21
 17410 | D:13     | Noticed Frances
 18075 | D:13     | Reached skill level 5 in Spellcasting
 18717 | D:14     | Noticed Azrael
 18792 | D:14     | Noticed Snorg
 18812 | D:14     | Noticed Louise
 19430 | D:13     | Received a gift from Okawaru
 19435 | D:13     | Got an ancient quick blade {god gift}
 19436 | D:13     | Identified the +6 quick blade of Conformity {drain, +Inv rN+} (Okawaru gifted it to you on level 13 of the Dungeon)
 19492 | D:13     | Reached skill level 20 in Stealth
 19754 | D:13     | Reached skill level 5 in Evocations
 20126 | D:13     | Noticed a fire giant
 20126 | D:13     | Noticed a fire giant
 20127 | D:13     | Noticed a tengu reaver
 20184 | D:13     | Killed a fire giant
 20184 | D:13     | Received a gift from Okawaru
 20372 | D:13     | Killed a tengu reaver
 20395 | D:13     | Reached skill level 10 in Evocations
 20428 | D:13     | Got a crude cloak {god gift}
 20434 | D:13     | Identified the +0 cloak "Vuoczi" {rN+ MP+9} (Okawaru gifted it to you on level 13 of the Dungeon)
 20737 | D:13     | Killed a fire giant
 20737 | D:13     | Reached XP level 14. HP: 61/77 MP: 20/24
 20890 | D:13     | You fall through a shaft!
 20936 | D:14     | Killed Azrael
 20947 | D:14     | Reached skill level 21 in Stealth
 21107 | D:14     | Killed Snorg
 21128 | D:14     | Killed Louise
 21731 | D:14     | Received a gift from Okawaru
 21862 | D:15     | Entered Level 15 of the Dungeon
 22133 | D:15     | Noticed Agnes
 22140 | D:15     | Killed Agnes
 22648 | D:15     | Received a gift from Okawaru
 22651 | D:15     | Got a twisted dagger {god gift}
 22668 | D:15     | Identified the +6 dagger of Imbalance {elec, rElec rPois Str+4 Dex-5} (Okawaru gifted it to you on level 15 of the Dungeon)
 22743 | D:15     | Found a staircase to the Depths.
 22844 | D:15     | Found a basalt altar of Yredelemnul.
 23168 | D:13     | Reached skill level 10 in Hexes
 23194 | D:13     | Killed from afar by Frances

Skill      XL: |  1  2  3  4  5  6  7  8  9 10 11 12 13 14 |
---------------+-------------------------------------------+-----
Stealth        | 5 6 7 8 9 10 12 14 15 17 19 20 21 | 21.9
Short Blades   | 2 3 4 5 7 8 9 10 | 10.4
Dodging        | 4 7 9 10 11 | 11.3
Fighting       | 2 5 6 |  6.5
Spellcasting   | 4 6 9 |  9.6
Hexes          | 5 6 10 | 10.0
Evocations     | 4 10 | 10.0
Shields        | 4 7 |  7.4

Action                   |  1- 3 |  4- 6 |  7- 9 | 10-12 | 13-15 || total
-------------------------+-------+-------+-------+-------+-------++-------
Melee: Dagger            |   144 |   117 |   339 |   656 |   113 ||  1369
       Headbutt          |       |     3 |    33 |   104 |    99 ||   239
       Quick blade       |       |       |       |       |   450 ||   450
       Punch             |       |       |       |       |     1 ||     1
 Cast: Ensorcelled Hiber |    14 |    18 |    62 |   118 |    84 ||   296
       Confuse           |       |     2 |     6 |    73 |    73 ||   154
       Throw Flame       |       |       |       |       |     1 ||     1
       Corona            |       |       |       |       |     1 ||     1
Invok: Heroism           |       |       |       |       |     1 ||     1
 Abil: Evoke Invisibilit |       |       |       |       |     9 ||     9
Evoke: Wand              |       |       |       |     2 |       ||     2
  Use: Scroll            |     7 |     5 |     3 |    10 |     2 ||    27
       Potion            |       |     7 |     3 |     5 |     1 ||    16
 Stab: Sleeping          |    22 |    28 |    65 |   100 |    60 ||   275
       Confused          |       |     3 |     4 |    32 |    36 ||    75
       Distracted        |       |       |     1 |     2 |     7 ||    10
       Invisible         |       |       |       |       |    42 ||    42
  Eat: Bread ration      |       |     1 |     1 |     2 |       ||     4
       Pizza             |       |     1 |     1 |       |     2 ||     4
       Royal jelly       |       |       |     1 |       |     1 ||     2
       Fruit             |       |       |       |       |     9 ||     9
Armor: Robe              |    10 |     4 |    12 |    22 |    18 ||    66
       Skin              |       |       |       |     5 |       ||     5
Dodge: Dodged            |   130 |    69 |   158 |   589 |   300 ||  1246
Block: Buckler           |       |       |       |       |    87 ||    87
